 Dungeon Crawl Stone Soup version 0.13-a0-2606-g170388b (webtiles) character file.

504 Kae the Chiller (level 6, -24/32 HPs)
             Began as a Deep Elf Ice Elementalist on Aug 4, 2013.
             Killed from afar by Kae's ghost (30 damage)
             ... with a shard of ice
             ... on Level 4 of the Dungeon.
             The game lasted 00:04:04 (2235 turns).

Kae the Chiller (Deep Elf Ice Elementalist)         Turns: 2235, Time: 00:04:05

HP -24/32        AC  3     Str  7      XL: 6   Next: 12%
MP  15/19        EV 13     Int 20      God:
Gold 207         SH  0     Dex 15      Spells:  2 memorised, 10 levels left

Res.Fire  : . . .   See Invis. : .   (no weapon)
Res.Cold  : . . .   Warding    : .   a - +0 elf robe
Life Prot.: . . .   Conserve   : .   (no shield)
Res.Poison: .       Res.Corr.  : .   (no helmet)
Res.Elec. : .       Clarity    : .   m - +0 cloak
Sust.Abil.: . .     Spirit.Shd : .   (no gloves)
Res.Mut.  : .       Stasis     : .   (no boots)
Res.Rott. : .       Flight     : .   (no amulet)
Saprovore : . . .                    (no ring)
                                     (no ring)

@: slightly resistant to hostile enchantments, fairly stealthy
A: no striking features
a: no special abilities


You were on level 4 of the Dungeon.
You were hungry.

You visited 1 branch of the dungeon, and saw 4 of its levels.

You collected 187 gold pieces.

Inventory:

Missiles
 k - 19 darts (quivered)
Armour
 a - a +0 elven robe (worn)
 m - a +0 cloak (worn)
Comestibles
 c - 3 bread rations
 d - 2 meat rations
 n - 4 rotting chunks of orc flesh
 p - a lemon
Scrolls
 e - 3 scrolls of curse armour {unknown}
 f - 3 scrolls of identify {unknown}
 g - 4 scrolls of remove curse {unknown}
 h - a scroll of random uselessness {unknown}
 i - a scroll of teleportation {unknown}
 j - a scroll of enchant armour {unknown}
 o - a scroll of curse weapon {unknown}
Potions
 l - a potion of curing
Books
 b - a book of Frost

   Spells                             Type                      Level
   *Freeze                            Ice                          1
   *Throw Frost                       Conjuration/Ice              2
   Ozocubu's Armour                   Charms/Ice                   3
   Throw Icicle                       Conjuration/Ice              4
   Summon Ice Beast                   Ice/Summoning                4
   Condensation Shield                Ice                          4


   Skills:
 - Level 2.4 Dodging
 - Level 2.4 Stealth
 + Level 4.2 Spellcasting
 * Level 4.5 Conjurations
 + Level 4.9 Ice Magic


You had 10 spell levels left.
You knew the following spells:

 Your Spells              Type           Power        Failure   Level  Hunger
a - Freeze                Ice            ###.         1%          1    None
b - Throw Frost           Conj/Ice       ###...       2%          2    #......


Dungeon Overview and Level Annotations

Branches:
Dungeon (4/27)
 Temple: D:4-7

Altars:

Annotations
D:4 Kae's ghost, experienced DEIE


Message History

Confirm with . or Enter, or press ? or * to list all spells.
You can't see any susceptible monsters within range! (Use Z to cast anyway.)
Casting: Freeze
Confirm with . or Enter, or press ? or * to list all spells.
You can't see any susceptible monsters within range! (Use Z to cast anyway.) Kae's ghost turns its malevolent gaze towards you.
Found a scroll labeled ICYZUR THAUKIU.
You see here a rat corpse.
Kae's ghost gestures at you while chanting.
The puff of frost hits you!
Kae's ghost gestures at you while chanting.
The shard of ice hits you!
Ouch! That really hurt!
* * * LOW HITPOINT WARNING * * *
Drink which item? (? for menu, Esc to quit)
You feel better.
Kae's ghost points at you and mumbles some strange words.
The shard of ice hits you!
Ouch! That really hurt!
You die...

... ...........
####.#####.....#....?
#........#.....#....
#........p...........
#........##....#####
#........##..%.#
#........##....#
#........##.%%.#
#......@.##....#
#......<.#####.#
#........# ..
#........# ###
##########


You could see Kae's ghost.

Vanquished Creatures
  A sky beast (D:3)
  A crimson imp (D:3)
  An iguana (D:4)
  A worker ant (D:3)
  3 adders
  A giant mite (D:3)
  An ooze (D:2)
  3 orcs (D:3)
  5 giant cockroaches
  8 goblins
  8 hobgoblins
  4 jackals (D:3)
  3 quokkas
  2 ball pythons
  12 bats
  4 giant geckos
  4 giant newts
  A giant newt skeleton (D:4)
  8 kobolds
  11 rats
82 creatures vanquished.

Notes
Turn   | Place    | Note
--------------------------------------------------------------
     0 | D:1      | Kae, the Deep Elf Ice Elementalist, began the quest for the Orb.
     0 | D:1      | Reached XP level 1. HP: 10/10 MP: 4/4
   214 | D:1      | Reached XP level 2. HP: 10/15 MP: 7/7
   237 | D:1      | Learned a level 2 spell: Throw Frost
   693 | D:2      | Reached skill level 4 in Ice Magic
   783 | D:2      | Reached XP level 3. HP: 17/19 MP: 9/9
  1478 | D:3      | Reached XP level 4. HP: 21/24 MP: 9/13
  1540 | D:3      | Noticed a sky beast
  1553 | D:3      | Killed a sky beast
  1553 | D:3      | Reached XP level 5. HP: 14/28 MP: 7/16
  2093 | D:3      | Reached XP level 6. HP: 28/32 MP: 16/19
  2225 | D:4      | Noticed Kae's ghost (experienced DEIE)
  2227 | D:4      | HP: 1/32 [Kae's ghost/shard of ice (18)]
  2235 | D:4      | Killed from afar by Kae's ghost

Action                   |  1- 3 |  4- 6 || total
-------------------------+-------+-------++-------
Melee: Unarmed           |    35 |    14 ||    49
 Cast: Freeze            |    69 |    50 ||   119
       Throw Frost       |     1 |     4 ||     5
  Use: Potion            |     2 |     1 ||     3
 Stab: Sleeping          |       |     2 ||     2
